 Dungeon Crawl Stone Soup version 0.26-a0-146-g24f6d3962c (webtiles) character file.

Game seed: 9834249232845590078

3475 Hastur the Covert (level 10, -3/69 HPs)
             Began as a Halfling Wanderer on June 29, 2020.
             Was a Believer of Uskayaw.
             Slain by Harold
             ... wielding a +0 war axe
              (11 damage)
             ... on level 8 of the Dungeon.
             The game lasted 00:26:17 (13422 turns).

Hastur the Covert (Halfling Wanderer)              Turns: 13422, Time: 00:26:18

Health: -3/69      AC: 10    Str: 13    XL:     10   Next: 27%
Magic:  13/13      EV: 18    Int: 13    God:    Uskayaw [**....]
Gold:   503        SH:  0    Dex: 15    Spells: 9/9 levels left

rFire    + . .     SeeInvis .   a - +3 falchion
rCold    . . .     Faith    .   (shield restricted)
rNeg     . . .     Spirit   .   u - +0 ring mail
rPois    .         Reflect  .   (no helmet)
rElec    .         Harm     .   n - +2 cloak
rCorr    .                      l - +1 pair of gloves
MR       .....                  (no boots)
Stlth    +++++.....             (no amulet)
HPRegen  0.21/turn              q - ring of stealth
MPRegen  0.13/turn              i - ring of protection from fire

@: marked
A: small, mutation resistance 1
a: Stomp, Line Pass, Renounce Religion


You were on level 8 of the Dungeon.
You worshipped Uskayaw.
Uskayaw was noncommittal.
You were hungry.

You visited 2 branches of the dungeon, and saw 10 of its levels.

You collected 503 gold pieces.

Inventory:

Hand Weapons
 a - a +3 falchion (weapon)
 A - a +0 dagger
   (You took it off an orc on level 4 of the Dungeon)
Armour
 d - a +0 robe
 j - a +0 leather armour
   (You found it on level 1 of the Dungeon)
 l - a +1 pair of gloves (worn)
   (You found it on level 5 of the Dungeon)
 n - a +2 cloak (worn)
   (You found it on level 2 of the Dungeon)
 u - a +0 ring mail (worn)
   (You took it off an orc on level 5 of the Dungeon)
 B - a +0 helmet
   (You found it on level 6 of the Dungeon)
Jewellery
 e - an uncursed amulet of magic regeneration
   (You took it off an orc on level 3 of the Dungeon)
 i - a ring of protection from fire (right hand)
   (You found it on level 1 of the Dungeon)
 q - a ring of stealth (left hand)
   (You found it on level 3 of the Dungeon)
 G - an uncursed ring of protection from fire
   (You found it on level 8 of the Dungeon)
 I - an uncursed ring of see invisible {unknown}
   (You found it on level 8 of the Dungeon)
Wands
 x - a wand of acid (2)
   (You found it on level 3 of the Dungeon)
Scrolls
 b - a scroll of remove curse {@r2}
 g - a scroll of magic mapping
 m - a scroll of fear {unknown}
 o - a scroll of blinking {unknown}
 p - a scroll of amnesia {unknown}
 r - 5 scrolls of identify {@r1}
 s - a scroll of fog
 t - a scroll of summoning {unknown}
 y - a scroll of enchant weapon
 F - a scroll of immolation {!r}
Potions
 h - a potion of brilliance
 v - a potion of stabbing
 w - a potion of magic
 z - 2 potions of cancellation
 C - 2 potions of haste {@q3}
 D - a potion of curing {@q1}
 E - a potion of flight
 H - 2 potions of lignification {!q}
Comestibles
 f - 20 rations {!d}


   Skills:
 + Level 6.9 Fighting
 + Level 4.8(5.4) Short Blades
 - Level 3.0(3.9) Long Blades
 - Level 1.0 Throwing
 + Level 8.4 Dodging
 + Level 9.4 Stealth
   Level 1.1 Shields
 + Level 4.5 Invocations


You had 9 spell levels left.
You didn't know any spells.
Your spell library contained the following spells:

 Spells                   Type           Power        Failure   Level  Hunger
 Beastly Appendage        Tmut           #.....       56%         1    ##.....
 Sticks to Snakes         Tmut           #.......     71%         2    ###....
 Spider Form              Tmut/Pois      #.........   90%         3    ####...
 Ice Form                 Ice/Tmut       #.......     100%        4    #####..
 Blade Hands              Tmut           #.........   100%        5    ######.


Dungeon Overview and Level Annotations

Branches:
Dungeon (9/15)             Temple (1/1) D:6            Lair (0/6) D:8
    Orc: D:9-12

Altars:
Ashenzari
Cheibriados
Dithmenos
Elyvilon
Fedhas
Gozag
Hepliaklqana
Kikubaaqudgha
Makhleb
Nemelex Xobeh
Okawaru
Qazlal
Ru
Sif Muna
Trog
Uskayaw
Vehumet
Wu Jian
Xom
Yredelemnul
Zin
The Shining One

Shops:
D:6 %   D:9 *

Annotations:
D:2 1 runed translucent door, 1 exclusion, Crazy Yiuf
D:4 2 transporters, Masnef's ghost, novice OgIE
D:5 2 transporters
D:7 exclusion: oklob plant
D:8 Harold; Maurice


Innate Abilities, Weirdness & Mutations

You are small and have problems with some larger weapons.
You are somewhat resistant to further mutation.


Message History

Things that are here:
a +0 chain mail; a +0 flail All of the chunks of flesh in your inventory have rotted away.
There is a stone staircase leading up here.
Things that are here:
an uncursed staff of poison; a +0 robe
There is a stone staircase leading down here.
You see here a +0 flail.
You are feeling hungry.
Things that are here:
a +0 trident; a +0 ring mail
Things that are here:
a +0 dagger; a cursed +0 robe Harold is too close now for your liking.
Here: Harold, wielding a +0 war axe, wearing a cursed -2 scale mail and quivering a throwing net (wandering, hasn't noticed you)
The floor.
Harold shouts!
Harold is blasted!
The now-empty wand crumbles to dust.
Harold throws a throwing net.
The throwing net hits you.
You become entangled in the net!
You struggle against the net.
Harold casts a spell at you. A sentinel's mark forms upon you.
You struggle against the net.
You struggle against the net.
You struggle against the net.
Harold hits you with a +0 war axe!
You rip the net and break free!
Harold hits you with a +0 war axe!
Aim: Harold, wielding a +0 war axe and wearing a cursed -2 scale mail (lightly wounded)
The bolt of acid hits Harold!
Harold is splashed with acid.
The acid corrodes Harold!
Harold points at you and mumbles some strange words.
The mark upon you grows brighter.
You hit Harold. Harold hits you with a +0 war axe!
You slash Harold! Harold hits you with a +0 war axe!
* * * LOW HITPOINT WARNING * * *
You can now pass through a line of other dancers.
You hit Harold but do no damage. Harold completely misses you.
You slash Harold! Harold hits you with a +0 war axe!!
* * * LOW HITPOINT WARNING * * *
Aim: Harold, wielding a +0 war axe and wearing a cursed -2 scale mail (heavily wounded, covered in acid)
The bolt of acid misses Harold.
Harold hits you with a +0 war axe!
* * * LOW HITPOINT WARNING * * *
Aim: Harold, wielding a +0 war axe and wearing a cursed -2 scale mail (heavily wounded, covered in acid)
The bolt of acid hits Harold!
Harold is splashed with acid.
Harold seems to be corroded for longer.
Aim: Harold, wielding a +0 war axe and wearing a cursed -2 scale mail (severely wounded, covered in acid)
The bolt of acid hits Harold!
Harold is splashed with acid.
Harold seems to be corroded for longer.
The bolt of acid hits Maurice!
Maurice is splashed with acid.
Harold hits you with a +0 war axe!
You die...

#.#.# *******#.#.... #...#
**...#........# ###.###
**,....<......## ##...##
*,,........)..# ##.....##
*,,..........## #.......#
*,,..........### #.......#
**,.......,**#..
#.......########...#...,* #..
##..........@@.@.....#,,###..
##.....#########..##.........
#.......# *,,.....,*######
#.......# *,,..####*
#.......# *,,..# ##.....##
***### ##...## #####


You could see Harold (corroded) and Maurice.

Vanquished Creatures
  Pikel (D:8)
  Grinder (D:3)
  A hippogriff (D:9)
  2 yaks
  2 wargs (D:8)
  A water moccasin (D:7)
  An ice beast (D:8)
  An orc warrior (D:8)
  2 sky beasts
  A phantom (D:7)
  2 centaurs
  2 bullfrogs
  A water moccasin skeleton (D:4)
  2 crimson imps
  2 centaur zombies
  2 centaur skeletons (D:4)
  A bullfrog skeleton (D:4)
  A jelly (D:9)
  A gnoll shaman (D:5)
  2 orc priests (D:8)
  4 hounds
  3 iguanas
  4 worker ants
  Natasha (thrice) (D:2)
  4 orc wizards
  A hound zombie (D:7)
  A howler monkey zombie (D:5)
  3 worker ant zombies
  5 gnolls
  A howler monkey skeleton (D:4)
  12 adders
  2 shadow imps
  4 oozes
  An adder zombie (D:5)
  2 adder skeletons
  5 worms
  3 dart slugs
  3 leopard geckos
  14 orcs
  A ball python (D:6)
  7 giant cockroaches
  2 goblins
  12 hobgoblins
  6 jackals
  8 kobolds
  2 quokkas
  9 bats
  8 frilled lizards
  2 leopard gecko skeletons
  2 quokka skeletons (D:4)
  A quokka zombie (D:6)
  10 rats
174 creatures vanquished.

Vanquished Creatures (others)
  A warg (D:8)
  4 slaves (D:8)
  An orc wizard (D:8)
  2 orcs (D:8)
8 creatures vanquished.

Grand Total: 182 creatures vanquished

Notes
Turn   | Place    | Note
-------+----------+-------------------------------------------
     0 | D:1      | Hastur the Halfling Wanderer began the quest for the Orb.
     0 | D:1      | Hastur set off with the following items: a +2 falchion, a
                  | +0 quarterstaff, a potion of lignification, a +0 robe, a
                  | ration
     0 | D:1      | Reached XP level 1. HP: 18/18 MP: 1/1
   170 | D:1      | Reached XP level 2. HP: 17/23 MP: 2/2
   326 | D:1      | Reached skill level 2 in Stealth
   567 | D:1      | Reached XP level 3. HP: 28/28 MP: 3/3
  1049 | D:2      | Reached skill level 5 in Fighting
  1353 | D:2      | Reached XP level 4. HP: 35/35 MP: 4/4
  1383 | D:2      | Reached skill level 3 in Stealth
  1781 | D:2      | Noticed Natasha
  1792 | D:2      | Killed Natasha
  1792 | D:2      | Reached XP level 5. HP: 16/39 MP: 5/5
  1993 | D:2      | Found a runed translucent door.
  1994 | D:2      | Noticed Crazy Yiuf
  2143 | D:2      | Noticed Natasha
  2167 | D:2      | HP: 4/87 [Natasha (2)]
  2168 | D:2      | Killed Natasha
  2168 | D:2      | Reached skill level 4 in Stealth
  2337 | D:2      | Noticed Natasha
  2652 | D:2      | Found a runed translucent door.
  3145 | D:2      | Found a runed translucent door.
  3318 | D:2      | Killed Natasha
  3529 | D:3      | Reached XP level 6. HP: 43/45 MP: 6/6
  3591 | D:3      | Noticed Grinder
  3610 | D:3      | Killed Grinder
  3610 | D:3      | Reached skill level 5 in Stealth
  3610 | D:3      | Reached XP level 7. HP: 38/50 MP: 7/7
  4389 | D:4      | Reached skill level 5 in Dodging
  4405 | D:4      | Reached skill level 6 in Stealth
  4724 | D:4      | Found a transporter.
  4729 | D:4      | Noticed Masnef's ghost (novice OgIE)
  4753 | D:4      | Found a hazy altar of Hepliaklqana.
  5253 | D:4      | Reached XP level 8. HP: 54/55 MP: 8/8
  5345 | D:4      | Found a transporter.
  5538 | D:4      | Reached skill level 7 in Stealth
  5886 | D:5      | Entered Level 5 of the Dungeon
  6844 | D:5      | Found a transporter.
  6902 | D:5      | Found a transporter.
  7327 | D:6      | Found Tonn's Food Emporium.
  7499 | D:6      | Found a staircase to the Ecumenical Temple.
  7525 | Temple   | Entered the Ecumenical Temple
  7808 | Temple   | Became a worshipper of Uskayaw the Reveler
  8018 | D:6      | Reached * piety under Uskayaw
  8022 | D:6      | Reached ** piety under Uskayaw
  8617 | D:7      | Reached skill level 1 in Invocations
  8617 | D:7      | Reached XP level 9. HP: 58/62 MP: 9/9
  8786 | D:7      | Reached skill level 1 in Short Blades
  8786 | D:7      | Reached skill level 8 in Stealth
  9393 | D:7      | Found a blossoming altar of Fedhas.
  9394 | D:7      | Noticed an oklob plant
 10220 | D:8      | Reached *** piety under Uskayaw
 10495 | D:8      | Noticed Pikel
 10519 | D:8      | Killed Pikel
 10927 | D:8      | Noticed Maurice
 10935 | D:8      | Noticed Harold
 10957 | D:8      | HP: 1/63 [orc warrior/+0 hand axe (10)]
 11504 | D:9      | Found Zeax's General Store.
 11559 | D:9      | Noticed a hippogriff
 11590 | D:9      | Killed a hippogriff
 11590 | D:9      | Reached skill level 9 in Stealth
 11590 | D:9      | Reached XP level 10. HP: 14/69 MP: 12/12
 11590 | D:9      | Reached **** piety under Uskayaw
 13189 | D:8      | Found a staircase to the Lair.
 13422 | D:8      | Slain by Harold

Illustrated notes

Levels and vault maps discovered:
D:1:      minmay_arrival_stone_box, layout_basic, serial_bayou_pond_c,
          minivault_23
D:2:      layout_loops_ring, nrook_mini_vaults, amethyst_killhole,
          uniq_crazy_yiuf_cottage, uniq_natasha
D:3:      layout_loops_ring, first_ration, serial_glass, glass_columns_b,
          glass_columns_a, uniq_grinder
D:4:      layout_basic, lemuel_crystal_altar, gammafunk_ghost_stat_death,
          serial_rivers, chequers_serial_rivers_room_a,
          chequers_serial_rivers_room_a, chequers_serial_rivers_small_3,
          chequers_serial_rivers_small_3, chequers_serial_rivers_room_b,
          st_stairs_11, grunt_ministairs_6, kennysheep_generic_room_12
D:5:      gammafunk_cloud_chamber, layout_cave_pools, serial_bayou_ford_a
D:6:      layout_gridville, minmay_temple_entry_grid, serial_shops,
          kennysheep_mini_moat, serial_co_window_serial, co_window_paths_b,
          co_window_of_opportunity_a, co_window_paths_b, co_window_corner_a,
          co_window_of_opportunity_a, co_window_broadway_b,
          co_window_unsneaky_path_e, co_window_broadway_c,
          co_window_of_opportunity_b, co_window_corner_b, co_window_4corner_a,
          glass_columns_a
D:7:      layout_basic, lemuel_oklob_altar
D:8:      layout_rooms, erik_lair_orcish_takeover, uniq_maurice, uniq_harold,
          uniq_pikel
D:9:      layout_basic, ebering_ghost_funeral_grove, serial_shops,
          nicolae_shop_window_shopping
Temple:   roderic_octagonal_lattice_temple

Skill      XL: |  1  2  3  4  5  6  7  8  9 10 |
---------------+-------------------------------+-----
Stealth        | 2 3 4 5 6 7 9 |  9.4
Fighting       | 5 6 |  6.9
Dodging        | 2 3 4 5 6 7 8 |  8.4
Long Blades    | 2 3 |  3.0
Invocations    | 1 3 4 |  4.5
Short Blades   | 3 4 |  4.8
Throwing       | |  1.0
Shields        | |  1.1

Action                   |  1- 3 |  4- 6 |  7- 9 | 10-12 || total
-------------------------+-------+-------+-------+-------++-------
Melee: Falchion          |    74 |   114 |   486 |   109 ||   783
Evoke: Wand              |       |     2 |     4 |    10 ||    16
  Use: Potion            |       |     3 |     1 |     1 ||     5
       Scroll            |       |       |    14 |       ||    14
 Stab: Sleeping          |     1 |     2 |    16 |     1 ||    20
       Distracted        |       |     1 |     2 |       ||     3
       Paralysed         |       |       |     2 |       ||     2
  Eat: Chunk             |     1 |     4 |    21 |     4 ||    30
       Ration            |       |     1 |     2 |       ||     3
Armor: Robe              |     3 |       |       |       ||     3
       Leather armour    |    20 |    42 |    44 |       ||   106
       Skin              |       |     7 |       |       ||     7
       Ring mail         |       |       |    92 |    25 ||   117
Dodge: Dodged            |    70 |    96 |   392 |   100 ||   658
       Rpst.: Falchion   |    28 |    34 |   124 |    32 ||   218

Table legend:
 A = Non-vault XP
 B = Vault XP
 C = Vault XP percentage of total XP
 D = Non-vault monster count
 E = Vault monster count
 F = Vault count percentage of total count
                 A         B        C        D         E       F
            +---------+---------+-------+---------+---------+-------
      Total |    3376 |    1589 |  32.0 |     160 |      14 |   8.0
            +---------+---------+-------+---------+---------+-------
        D:1 |      44 |       0 |   0.0 |      22 |       0 |   0.0
        D:2 |     162 |      35 |  17.8 |      26 |       1 |   3.7
        D:3 |      91 |     300 |  76.7 |      29 |       1 |   3.3
        D:4 |     520 |     102 |  16.4 |      23 |       5 |  17.9
        D:5 |     250 |       0 |   0.0 |      13 |       0 |   0.0
        D:6 |     395 |       0 |   0.0 |      14 |       0 |   0.0
        D:7 |     542 |       0 |   0.0 |      11 |       0 |   0.0
        D:8 |     624 |    1152 |  64.9 |      14 |       7 |  33.3
        D:9 |     748 |       0 |   0.0 |       8 |       0 |   0.0
            +---------+---------+-------+---------+---------+-------
